 Dungeon Crawl Stone Soup version 0.17-a0-1324-ga541562 (webtiles) character file.

2144 nuthulu the Blocker (level 9, -8/56 HPs)
             Began as a Gargoyle Fighter on June 9, 2015.
             Was a Follower of Okawaru.
             Mangled by an orc knight
             ... wielding a +0 great sword
              (14 damage)
             ... in a bailey.
             The game lasted 00:31:13 (7810 turns).

nuthulu the Blocker (Gargoyle Fighter)              Turns: 7810, Time: 00:31:13

Health: -8/56      AC: 23    Str: 21 (23) XL:     9   Next: 30%
Magic:  0/9        EV:  8    Int:  9      God:    Okawaru [*.....]
Gold:   534        SH: 14    Dex:  9      Spells: 0 memorised, 8 levels left

rFire  . . .     SeeInvis .     a - +2 flail
rCold  . . .     Clarity  .     m - +0 plate armour
rNeg   + + .     SustAt   .     c - +1 shield
rPois  ∞         Gourm    .     n - +0 helmet
rElec  +         Spirit   +     (no cloak)
rCorr  .         Warding  .     (no gloves)
rMut   .         Stasis   .     C - +0 pair of boots {Stlth+}
MR     +....                    v - amulet of guardian spirit
Stlth  ..........               x - ring of positive energy
                                D - ring of protection from magic

@: heroism, somewhat resistant to hostile enchantments, extremely unstealthy
A: negative energy resistance 1, electricity resistance, unbreathing,
petrification resistance, rot immunity, AC +5
a: Heroism, Renounce Religion


You were in a bailey.
You worshipped Okawaru.
Okawaru was aware of your devotion.
You were hungry.

You visited 2 branches of the dungeon, and saw 9 of its levels.
You also visited: Sewer and Bailey.

You collected 534 gold pieces.

Inventory:

Hand weapons
 a - a +2 flail (weapon)
Missiles
 b - a throwing net (quivered)
Armour
 c - a +1 shield (worn)
 m - a +0 plate armour (worn)
 n - a +0 helmet (worn)
 z - the +2 scale mail of Forking Paths {rElec rF- rN++}
   (You found it on level 6 of the Dungeon)

   It makes you vulnerable to fire.
   It insulates you from electricity.
   It greatly protects you from negative energy.
 C - a +0 pair of boots of stealth (worn)
Jewellery
 i - an uncursed amulet of stasis
 v - an amulet of guardian spirit (around neck)
 w - an uncursed ring of protection from cold
 x - a ring of positive energy (right hand)
 y - an uncursed ring of magical power
 D - a ring of protection from magic (left hand)
Magical devices
 h - a wand of paralysis (11)
 o - a wand of draining (6)
 p - a wand of draining (9)
 r - a wand of polymorph (11)
 A - a wand of paralysis (11)
Scrolls
 f - a scroll of remove curse
 j - 4 scrolls of amnesia
 l - 2 scrolls of teleportation
 B - 4 scrolls of identify
Potions
 d - a potion of might
 e - 7 potions of curing
 k - 5 potions of heal wounds
 s - a potion of brilliance
 G - a potion of berserk rage
Books
 F - a book of the Dragon

   Spells                             Type                      Level
   a - Flame Tongue                   Conjuration/Fire             1
   b - Cause Fear                     Hexes                        4
   c - Bolt of Fire                   Conjuration/Fire             6
   d - Dragon Form                    Transmutation                7
   e - Dragon's Call                  Summoning                    9
Comestibles
 g - 3 beef jerkies
 q - 8 bread rations
 t - 2 meat rations
 u - 2 fruits


   Skills:
 + Level 6.3(11.3) Fighting
 + Level 6.2(11.2) Maces & Flails
 + Level 6.4(11.4) Armour
 - Level 1.0(6.0) Dodging
 + Level 8.9(13.9) Shields


You had 8 spell levels left.
You didn't know any spells.

Dungeon Overview and Level Annotations

Branches:
Dungeon (8/15)             Temple (1/1) D:5            Lair (0/8) D:8

Altars:
Ashenzari
Cheibriados
Dithmenos
Elyvilon
Fedhas
Gozag
Kikubaaqudgha
Makhleb
Nemelex Xobeh
Okawaru
Qazlal
Ru
Sif Muna
Trog
Vehumet
Xom
Yredelemnul
Zin
The Shining One


Innate Abilities, Weirdness & Mutations

You are resistant to torment.
Your stone body is resilient (AC +5).
You are immune to poison.
You resist negative energy.
You are resistant to electric shocks.
You can survive without breathing.
You are immune to petrification.
You are immune to rotting.


Message History

You hit the orc knight but do no damage.
The gnoll picks up a potion of curing.
You hit the orc knight but do no damage.
You block the gnoll's attack. You block the orc knight's attack.
You hit the orc knight but do no damage.
The gnoll closely misses you. The gnoll barely misses you.
The orc knight hits you with a great sword.
You hit the orc knight.
The orc knight is lightly wounded.
You block the gnoll's attack.
You thump the orc knight!
The orc knight is moderately wounded.
The gnoll barely misses you.
The orc knight hits you with a great sword!
* * * LOW HITPOINT WARNING * * *
You barely miss the orc knight.
The orc knight is moderately wounded.
The gnoll misses you. The gnoll closely misses you.
The orc knight hits you with a great sword!
You die...

##...(†## ##....(##
###...((#####.....###
#.'..⌠..'.#.'..∩..'.#
###.....#####.....###
##.....# #.....#
##'##'##'# +##'##'#
#.###.# #.# #.# #.#
#(# ### ## ### ##
#(###@# ##(##o##'#
##(ggK.# #.....#
#.'..⌠..'.#
###.....### #.....#
'##'##'# .# #.# #.'


You could see an orc knight, 2 gnolls and a kobold.

Vanquished Creatures
  A hippogriff (D:7)
  A water moccasin (D:6)
  2 black bears (D:6)
  An ogre (D:5)
  A centaur (D:8)
  2 big kobolds (Sewer)
  2 giant frogs
  A wyvern zombie (D:6)
  4 killer bees (D:8)
  A crimson imp (D:5)
  4 hounds
  A giant frog skeleton (D:6)
  3 iguanas
  2 orc priests
  5 worker ants
  3 orc wizards
  The ghost of asdu the Ruffian, a weakling VSMo (D:4)
  Robin (D:3)
  15 gnolls
  14 adders
  2 river rats (D:3)
  2 shadow imps (D:5)
  5 oozes
  An adder zombie (D:5)
  5 worms
  4 giant geckos
  18 orcs
  A bat skeleton (D:5)
  6 giant cockroaches
  22 hobgoblins
  13 jackals
  24 kobolds
  7 quokkas
  7 ball pythons
  14 bats
  6 giant newts
  19 goblins
  A quokka skeleton (D:4)
  13 rats
  A fungus (D:4)
236 creatures vanquished.

Notes
Turn   | Place    | Note
--------------------------------------------------------------
     0 | D:1      | nuthulu the Gargoyle Fighter began the quest for the Orb.
     0 | D:1      | Reached XP level 1. HP: 14/14 MP: 1/1
   414 | D:1      | Reached XP level 2. HP: 19/19 MP: 2/2
   748 | D:1      | Reached XP level 3. HP: 21/23 MP: 3/3
   816 | D:1      | Reached skill level 4 in Shields
  1845 | D:2      | Reached skill level 1 in Dodging
  1845 | D:2      | Reached XP level 4. HP: 28/28 MP: 4/4
  2302 | D:3      | Reached XP level 5. HP: 22/32 MP: 5/5
  2664 | D:3      | Found a glowing drain.
  2676 | Sewer    | Entered a sewer
  2967 | Sewer    | Reached XP level 6. HP: 38/38 MP: 6/6
  3105 | Sewer    | Reached skill level 5 in Shields
  3545 | D:3      | Found a shadowy altar of Dithmenos.
  3754 | D:4      | Noticed asdu's ghost (weakling VSMo)
  3756 | D:4      | Noticed Robin
  3847 | D:3      | Killed Robin
  3920 | D:4      | Killed asdu's ghost
  4138 | D:4      | Reached XP level 7. HP: 39/44 MP: 7/7
  4504 | D:4      | Reached skill level 6 in Shields
  4823 | D:5      | Entered Level 5 of the Dungeon
  4850 | D:5      | Found a staircase to the Ecumenical Temple.
  4877 | Temple   | Entered the Ecumenical Temple
  4912 | Temple   | Became a worshipper of Warmaster Okawaru
  4983 | D:5      | Reached skill level 5 in Fighting
  4999 | D:5      | Reached skill level 5 in Armour
  5381 | D:5      | Reached XP level 8. HP: 49/49 MP: 8/8
  5715 | D:5      | Found a shattered altar of Ashenzari.
  5885 | D:5      | Found a bloodstained altar of Trog.
  6165 | D:6      | Reached skill level 5 in Maces & Flails
  6165 | D:6      | Reached skill level 7 in Shields
  6271 | D:6      | Acquired Okawaru's first power
  6516 | D:6      | Got an obsidian-encrusted scale mail
  6526 | D:6      | Identified the +2 scale mail of Forking Paths {rElec rF- rN++} (You found it on level 6 of the Dungeon)
  7024 | D:7      | Reached skill level 8 in Shields
  7024 | D:7      | Reached XP level 9. HP: 53/55 MP: 9/9
  7449 | D:8      | Found a staircase to the Lair.
  7479 | D:8      | Found a flagged portal.
  7556 | Bailey   | Entered a bailey
  7796 | Bailey   | Noticed an orc knight
  7810 | Bailey   | Mangled by an orc knight

Vault maps used:
D:1:      dpeg_arrival_round_b, st_stairs_11, corexii_hall_statues_i,
          minmay_misc_feat_roman
D:3:      portal_sewer_entry_e, hangedman_decor_growths, grunt_dithmenos_smoke
D:4:      first_bread, minmay_gold_behind_fungi, uniq_robin
D:5:      lemuel_coloured_pillars_altar, minmay_temple_entry_glass,
          trog_hazing_becter
D:7:      minmay_bad_closet
D:8:      dpeg_oklobed_lair, enter_bailey_2, grunt_pizzeria, uniq_grum
Temple:   dpeg_three_leaves_temple_18
Sewer:    sewer_co_tree
Bailey:   bailey_axe_2, bailey

Action                   |  1- 3 |  4- 6 |  7- 9 || total
-------------------------+-------+-------+-------++-------
Melee: Flail             |   115 |   403 |   524 ||  1042
Invok: Heroism           |       |       |     1 ||     1
  Use: Scroll            |     5 |     3 |     8 ||    16
       Potion            |     3 |     2 |     6 ||    11
  Eat: Bread ration      |     1 |       |       ||     1
       Chunk             |       |     7 |    13 ||    20
